 Dungeon Crawl Stone Soup version 0.32-a0-913-g739538afd8 (webtiles) character file.

Game seed: 9268599937652469613

1161847 Biggs the Heavyweight Champion (level 27, -3/323 HPs)
             Began as a Troll Fighter on Apr 9, 2024.
             Was a High Priest of Wu Jian.
             Slain by a titan (9 damage)
             ... while petrified by a nargun
             ... on level 7 of Cocytus on Apr 10, 2024.
             The game lasted 03:30:32 (59113 turns).

Biggs the Heavyweight Champion (Troll Fighter)     Turns: 59113, Time: 03:30:33

Health: -3/323     AC: 29    Str: 39    XL:     27
Magic:  17/17      EV:  1    Int:  6    God:    Wu Jian [*****.]
Gold:   14658      SH:  0    Dex:  9    Spells: 26/26 levels left

rFire   + +          .
                       - Unarmed
rCold   + + +        b - +10 tower shield of Ignorance {rN+ Int-4}
rNeg    + + +        T - +6 gold dragon scales
rPois   ∞            M - +2 hat
rElec   +            X - scarf {rC+ rF+}
rCorr   +            (gloves unavailable)
SInv    +            (boots unavailable)
Will    +....        j - amulet "Mahuong" {Regen+ rCorr Int+4} Stlth
                     J - ring "Waput" {rElec Str+3 SInv}
HPRegen 2.33/turn    O - ring "Fawap" {Fly rPois EV+5 Int-4 Stlth+}
MPRegen 0.15/turn

%: no passive effects
@: death-form, petrified, weak-willed, in a heavenly storm, flying, glowing,
studying 2 skills, unable to drink
A: vile attack, torment immunity, no potions, large, unfitting armour, claws 3,
regeneration 1, shaggy fur 1, tough skin 1, low MP 2
}: 13/15 runes: decaying, serpentine, slimy, silver, iron, obsidian, bone,
abyssal, demonic, glowing, magical, fiery, dark
a: Siphon Essence, Begin Untransformation, Renounce Religion, Wall Jump,
Serpent's Lash, Heavenly Storm


You were on level 7 of Cocytus.
You worshipped Wu Jian.
Wu Jian was extremely pleased with you.
You were an undying horror.
You visited 15 branches of the dungeon, and saw 76 of its levels.
You visited Pandemonium 2 times, and saw 15 of its levels.
You visited the Abyss 1 time.
You also visited: Trove, Bailey, Gauntlet, Ice Cave, Volcano, Wizlab and Desolation.

You collected 17318 gold pieces.
You spent 2660 gold pieces at shops.

Inventory:

Hand Weapons
 I - the +13 sceptre of Asmodeus
   (You took it off Asmodeus on level 7 of Gehenna)

   Fire Summon: It may summon demons of flame and damnation when striking foes.
Missiles
 a - 13 throwing nets (quivered)
Armour
 b - the +10 tower shield of Ignorance (worn) {rN+ Int-4}
   (You found it on level 11 of the Dungeon)

   Int-4:     It affects your intelligence (-4).
   rN+:       It protects you from negative energy.
 M - a +2 hat (worn)
 P - the orb of Dispater {+Damnation *Corrode AC+5}
   (You took it off Dispater on level 7 of the Iron City of Dis)

   +Damnation: It grants the ability to hurl damnation at the cost of health and
   magic, with strength depending on Evocations skill.
   AC+5:      It affects your AC (+5).
   *Corrode:  It may corrode you when you take damage.
 S - the +5 Storm Queen's Shield {shock, Fly rElec}
   (You acquired it on level 9 of the Dungeon)

   Shock:     When it blocks an attack, it may electrocute the attacker.
   This works even against foes who are a short distance away.
   rElec:     It insulates you from electricity.
   Fly:       It grants you flight.
 T - +6 gold dragon scales (worn)
 X - a scarf of resistance (worn)
Jewellery
 f - the ring of Limitation {rF+ rCorr Int+3 Dex+2}
   (You found it on level 1 of the Elven Halls)

   [ring of resist corrosion]

   Int+3:     It affects your intelligence (+3).
   Dex+2:     It affects your dexterity (+2).
   rF+:       It protects you from fire.
   rCorr:     It protects you from acid and corrosion.
 j - the amulet "Mahuong" (around neck) {Regen+ rCorr Int+4}
   (You found it on level 7 of Tartarus)

   [amulet of regeneration]

   Int+4:     It affects your intelligence (+4).
   Regen+:    It increases your rate of health regeneration.
   rCorr:     It protects you from acid and corrosion.
 s - the ring of the Immovable Dreams {rC+ rCorr MP+9 Str-2}
   (You found it in the Desolation of Salt)

   [ring of magical power]

   Str-2:     It affects your strength (-2).
   rC+:       It protects you from cold.
   MP+9:      It affects your magic capacity (+9).
   rCorr:     It protects you from acid and corrosion.
 B - the ring "Koakh" {rF+ rCorr Str+4 Stlth+}
   (You found it on level 7 of Gehenna)

   [ring of protection from fire]

   Str+4:     It affects your strength (+4).
   rF+:       It protects you from fire.
   rCorr:     It protects you from acid and corrosion.
   Stlth+:    It makes you more stealthy.
 J - the ring "Waput" (left claw) {rElec Str+3 SInv}
   (You took it off a deep elf zephyrmancer on level 3 of the Elven Halls)

   [ring of see invisible]

   Str+3:     It affects your strength (+3).
   rElec:     It insulates you from electricity.
   SInv:      It lets you see invisible.
 O - the ring "Fawap" (right claw) {Fly rPois EV+5 Int-4 Stlth+}
   (You found it on level 7 of Gehenna)

   [ring of evasion]

   EV+5:      It affects your evasion (+5).
   Int-4:     It affects your intelligence (-4).
   rPois:     It protects you from poison.
   Fly:       It grants you flight.
   Stlth+:    It makes you more stealthy.
 Q - a ring of wizardry
 R - the ring of Ugiul {rF+ rN+ Will+ Dex-5 Slay+2}
   (You found it on level 3 of the Elven Halls)

   [ring of positive energy]

   Dex-5:     It affects your dexterity (-5).
   Slay+2:    It affects your accuracy & damage with ranged weapons and melee
   (+2).
   rF+:       It protects you from fire.
   rN+:       It protects you from negative energy.
   Will+:     It increases your willpower.
Talismans
 d - a talisman of death (active)
 E - a storm talisman
 L - a granite talisman
Wands
 y - a wand of digging (21)
 A - a wand of polymorph (28)
 F - a wand of warping (74)
 H - a wand of paralysis (43)
 K - a wand of flame (84)
 W - a wand of mindburst (53)
 Z - a wand of acid (52)
Scrolls
 e - 4 scrolls of blinking
 g - 13 scrolls of teleportation
 r - 7 scrolls of silence
 t - a scroll of butterflies
 v - 7 scrolls of poison
 D - a scroll of enchant armour
 U - 10 scrolls of fear
 Y - 3 scrolls of revelation
Potions
 c - 9 potions of might
 h - 9 potions of cancellation
 i - 4 potions of invisibility
 m - 18 potions of heal wounds
 o - 7 potions of resistance
 u - 3 potions of haste
 w - 23 potions of curing
 x - 5 potions of enlightenment
 z - 4 potions of mutation
 C - 7 potions of berserk rage
 V - 8 potions of ambrosia
Miscellaneous
 k - a tin of tremorstones (2/2)
 l - a Gell's gravitambourine (2/2)
 n - the horn of Geryon
 p - a lightning rod (4/4)
 q - a box of beasts
 N - a phantom mirror


   Skills:
 O Level 27 Fighting
 - Level 14.2 Armour
 - Level 12.7 Dodging
 + Level 25.4 Shields
 O Level 27 Unarmed Combat
 - Level 10.0 Evocations
 - Level 23.1 Shapeshifting


You had 26 spell levels left.
You didn't know any spells.
Your spell library contained the following spells:

 Spells                   Type           Power      Damage    Failure   Level
 Apportation              Tloc           0%         N/A       99%         1
 Foxfire                  Conj/Fire      0%         2x1d4     99%         1
 Freeze                   Ice            0%         1d3       99%         1
 Magic Dart               Conj           0%         1d3       99%         1
 Necrotise                Necr           0%         1d4       99%         1
 Sandblast                Erth           0%         2d4       99%         1
 Slow                     Hex            0%         N/A       99%         1
 Sting                    Conj/Alch      0%         1d3       99%         1
 Summon Small Mammal      Summ           0%         N/A       99%         1
 Blink                    Tloc           0%         N/A       100%        2
 Call Imp                 Summ           0%         N/A       100%        2
 Cigotuvi's Dreadful Rot  Necr/Alch/Air  0%         N/A       100%        2
 Ensorcelled Hibernation  Hex/Ice        0%         N/A       100%        2
 Jinxbite                 Hex            0%         N/A       100%        2
 Mercury Vapours          Alch/Air       0%         N/A       100%        2
 Scorch                   Fire           0%         2d5       100%        2
 Searing Ray              Conj           0%         2d4       100%        2
 Sublimation of Blood     Necr           0%         N/A       100%        2
 Confusing Touch          Hex            0%         N/A       100%        3
 Dazzling Flash           Conj/Hex       0%         N/A       100%        3
 Frozen Ramparts          Ice            0%         1d1       100%        3
 Fugue of the Fallen      Necr           0%         N/A       100%        3
 Hailstorm                Conj/Ice       0%         3d5       100%        3
 Inner Flame              Hex/Fire       0%         N/A       100%        3
 Mephitic Cloud           Conj/Alch/Air  0%         N/A       100%        3
 Ozocubu's Armour         Ice            0%         N/A       100%        3
 Sigil of Binding         Hex            0%         N/A       100%        3
 Stone Arrow              Conj/Erth      0%         3d7       100%        3
 Summon Ice Beast         Ice/Summ       0%         N/A       100%        3
 Tukima's Dance           Hex            0%         N/A       100%        3
 Vampiric Draining        Necr           0%         2d6       100%        3
 Airstrike                Air            0%         2d(0-16)  100%        4
 Anguish                  Hex/Necr       0%         N/A       100%        4
 Animate Armour           Summ/Erth      0%         N/A       100%        4
 Animate Dead             Necr           0%         N/A       100%        4
 Brom's Barrelling Bould  Conj/Erth      0%         2d3       100%        4
 Cause Fear               Hex            0%         N/A       100%        4
 Dimensional Bullseye     Hex/Tloc       0%         N/A       100%        4
 Dispel Undead            Necr           0%         3d6       100%        4
 Fulminant Prism          Conj/Alch      0%         3d5       100%        4
 Ignite Poison            Fire/Alch      0%         N/A       100%        4
 Leda's Liquefaction      Alch/Erth      0%         N/A       100%        4
 Martyr's Knell           Necr/Summ      0%         N/A       100%        4
 Olgreb's Toxic Radiance  Alch           0%         N/A       100%        4
 Passage of Golubria      Tloc           0%         N/A       100%        4
 Petrify                  Alch/Erth      0%         N/A       100%        4
 Sticky Flame             Fire/Alch      0%         2d4       100%        4
 Summon Blazeheart Golem  Fire/Summ      0%         N/A       100%        4
 Vhi's Electric Charge    Tloc/Air       0%         N/A       100%        4
 Alistair's Intoxication  Alch           0%         N/A       100%        5
 Arcjolt                  Conj/Air       0%         1d10      100%        5
 Borgnjor's Vile Clutch   Necr/Erth      0%         N/A       100%        5
 Curse of Agony           Necr           0%         N/A       100%        5
 Fireball                 Conj/Fire      0%         3d3       100%        5
 Irradiate                Conj/Alch      0%         3d11      100%        5
 Iskenderun's Battlesphe  Conj           0%         2d6       100%        5
 Metabolic Englaciation   Hex/Ice        0%         N/A       100%        5
 Silence                  Hex/Air        0%         N/A       100%        5
 Summon Forest            Summ/Tloc      0%         N/A       100%        5
 Summon Mana Viper        Hex/Summ       0%         N/A       100%        5
 Yara's Violent Unravell  Hex/Alch       0%         3d3       100%        5
 Bombard                  Conj/Erth      0%         9d1       100%        6
 Conjure Ball Lightning   Conj/Air       0%         3x3d6     100%        6
 Death Channel            Necr           0%         N/A       100%        6
 Dispersal                Tloc           0%         N/A       100%        6
 Eringya's Noxious Bog    Alch           0%         4d6       100%        6
 Gell's Gavotte           Tloc           0%         2d(11-16) 100%        6
 Permafrost Eruption      Ice/Erth       0%         2x4d1     100%        6
 Plasma Beam              Fire/Air       0%         2x1d10    100%        6
 Sculpt Simulacrum        Ice/Alch       0%         N/A       100%        6
 Summon Cactus Giant      Summ           0%         N/A       100%        6
 Enfeeble                 Hex            0%         N/A       100%        7
 Haunt                    Necr/Summ      0%         N/A       100%        7
 Malign Gateway           Summ/Tloc      0%         N/A       100%        7
 Manifold Assault         Tloc           0%         N/A       100%        7
 Monstrous Menagerie      Summ           0%         N/A       100%        7
 Orb of Destruction       Conj           0%         9d5       100%        7
 Ozocubu's Refrigeration  Ice            0%         4d7       100%        7
 Spellforged Servitor     Conj/Summ      0%         N/A       100%        7
 Summon Hydra             Summ           0%         N/A       100%        7
 Discord                  Hex            0%         N/A       100%        8
 Disjunction              Tloc           0%         N/A       100%        8
 Ignition                 Fire           0%         3d3       100%        8
 Lehudib's Crystal Spear  Conj/Erth      0%         10d2      100%        8
 Summon Horrible Things   Summ           0%         N/A       100%        8
 Dragon's Call            Summ           0%         N/A       100%        9
 Shatter                  Erth           0%         3d5*      100%        9


Dungeon Overview and Level Annotations

Branches:
Dungeon (15/15)            Temple (1/1) D:5            Lair (5/5) D:9
  Swamp (4/4) Lair:2        Snake (4/4) Lair:3        Slime (5/5) Lair:5
    Orc (2/2) D:12            Elf (3/3) Orc:2        Vaults (5/5) D:14
  Crypt (0/3) Vaults:2     Depths (4/4) D:15           Hell (visited)
    Dis (7/7) Hell            Geh (7/7) Hell            Coc (7/7) Hell
    Tar (7/7) Hell            Zot (0/5) Depths:4     Bailey (visited)
  IceCv (visited)         Volcano (visited)          WizLab (visited)
Desolation (visited)      Gauntlet (visited)

Altars:
Ashenzari
Cheibriados
Dithmenos
Elyvilon
Fedhas
Gozag
Hepliaklqana
Kikubaaqudgha
Makhleb
Nemelex Xobeh
Okawaru
Qazlal
Ru
Sif Muna
Trog
Uskayaw
Vehumet
Wu Jian
Xom
Yredelemnul
Zin
The Shining One
Jiyva

Shops:
D:6 =*(   D:7 (*=?   D:12 [:[=   D:15 *   Orc:2 [*(:   Elf:1 :?   Vaults:1 *
Vaults:2 !*(:   Vaults:3 (   Depths:2 (   Depths:3 =:[

Portals:
Hell: Depths:1 Depths:2 Depths:3 Depths:4
Abyss: Depths:1 Depths:2 Depths:3
Pandemonium: Depths:2
Ziggurat: Depths:1

Annotations:
Lair:5 exclusion: obsidian statue
Snake:4 1 runed translucent door, Doorstop00's ghost, adept MiBe


Innate Abilities, Weirdness & Mutations

You are an undying horror.
Your melee and unarmed attacks drain, slow and weaken victims.
You are immune to unholy pain and torment.
You cannot drink.
You are immune to poison.
You are too large for most types of armour.
You have claws for hands.
Your natural rate of healing is unusually fast.
You are covered in fur. (AC +1)
You have tough skin. (AC +1)
Your magical capacity is very low. (-20% MP)


Message History

The nargun bites you!!
* * * LOW HITPOINT WARNING * * *
The nargun freezes you. You resist.
* * * LOW HITPOINT WARNING * * *
The quicksilver dragon simulacrum bites you but does no damage.
The quicksilver dragon simulacrum claws you.
* * * LOW HITPOINT WARNING * * *
The quicksilver dragon simulacrum freezes you.
You resist.
* * * LOW HITPOINT WARNING * * *
The titan splashes around in the water.
You hear a roar!
A wendigo comes into view.
The water engulfing you falls away.
The nargun splashes around in the water. x2
The titan hits you!
* * * LOW HITPOINT WARNING * * *
The quicksilver dragon simulacrum bites you but does no damage.
The quicksilver dragon simulacrum claws you.
* * * LOW HITPOINT WARNING * * *
The quicksilver dragon simulacrum freezes you.
You resist.
* * * LOW HITPOINT WARNING * * *
The water elemental completely misses you.
You resist with almost no effort.
The titan splashes around in the water.
The titan hits you!!
* * * LOW HITPOINT WARNING * * *
The wendigo moves out of view.
A torrent of water rises up through the elemental wellspring!
The torrent of water passes through the water elemental.
The torrent of water hits you!!
* * * LOW HITPOINT WARNING * * *
The wave splashes down.
The nargun hits you!
* * * LOW HITPOINT WARNING * * *
Your willpower is stripped away!
The nargun bites you but does no damage.
The quicksilver dragon simulacrum bites you but does no damage.
The quicksilver dragon simulacrum claws you but does no damage.
The titan hits you but does no damage. The titan hits you!!
You die...

.≈≈≈≈≈.....≈≈≈≈≈≈≈≈...≈≈
≈≈≈≈≈≈.....≈≈≈≈≈≈≈...≈≈≈
≈≈≈≈≈≈......≈≈≈≈≈~~.≈≈≈≈
≈≈≈≈≈≈≈......≈≈≈~~~≈≈≈≈≈
≈≈≈≈≈≈≈......≈≈≈~~.≈≈≈≈≈
≈≈≈≈≈≈≈≈~..†.≈≈≈...≈≈≈≈≈
...≈≈○bEE°...≈≈≈...≈≈≈≈≈
...≈≈E9ECC...≈≈≈≈..≈≈≈≈≈
.....CCzC☼≈≈≈≈≈≈≈..≈≈≈≈≈
....CR9ZC§≈≈≈≈≈≈≈≈..≈≈≈≈
.....99☼○○≈≈≈≈≈≈≈≈~≈≈≈≈≈
......R..≈≈≈≈≈≈≈≈~≈≈≈≈≈.
.........≈≈≈≈≈...≈≈C≈≈.
..........≈≈≈≈...≈≈≈≈
#.........≈≈≈~≈.≈≈≈
#...........~≈≈≈≈


You could see 6 titans, a shard shrike, a wendigo, an elemental wellspring, 4
narguns, 3 water elementals and a quicksilver dragon simulacrum.

Vanquished Creatures
  Cerebov (Pan)
  Asmodeus (Geh:7)
  the Royal Jelly (Slime:5)
  Mnoleg (Pan)
  Ereshkigal (Tar:7)
  Gloorx Vloq (Pan)
  Lom Lobon (Pan)
  the Serpent of Hell (Geh:7)
  A seraph (Pan)
  2 ancient liches
  Dispater (Dis:7)
  4 dread liches
  Mara (Snake:4)
  Mennas (Vaults:5)
  4 juggernauts
  Parghit (Depths:4)
  A royal mummy (Depths:2)
  Sojobo (Depths:2)
  Bai Suzhen (Snake:2)
  A Head Instructor (WizLab)
  Boris (Depths:2)
  21 shard shrikes
  Geryon (Hell)
  32 caustic shrikes
  the Enchantress (Depths:4)
  2 golden dragons
  Nikola (Swamp:3)
  Jory (Vaults:5)
  16 profane servitors
  A pandemonium lord (Pan)
  A pearl dragon (Pan)
  10 doom hounds
  22 Tzitzimimeh
  10 Brimstone Fiends
  20 bone dragons
  A spectral shard shrike (Tar:6)
  4 iron giants
  18 Ice Fiends
  9 tentacled monstrosities
  6 hellephants
  18 tainted leviathans
  Jorgrun (Snake:3)
  Rupert (Lair:4)
  6 liches
  Mlioglotl (Swamp:1)
  4 deep elf blademasters (Elf:3)
  Grunn (Depths:4)
  5 sphinxes
  20 Hell Sentinels
  24 searing wretches
  11 titans
  A quicksilver dragon (WizLab)
  29 Executioners
  2 deep elf master archers (Elf:3)
  19 ancient champions
  13 acid blobs
  9 tentacled starspawn
  2 thorn hunters
  4 shadow dragons
  10 tengu reavers
  4 rockslimes (Slime:5)
  6 storm dragons
  5 revenants (Tar:6)
  10 azure jellies
  2 draconian knights
  7 demonspawn warmongers (Pan)
  6 protean progenitors (Pan)
  13 narguns
  8 nagarajas
  6 daevas (Pan)
  6 deep elf sorcerers
  21 fire giants
  2 imperial myrmidons (Desolation)
  3 spectral juggernauts
  3 fenstrider witches
  10 iron dragons
  7 frost giants
  16 quicksilver elementals
  A draconian scorcher (Depths:4)
  3 deep elf elementalists
  Louise (Elf:2)
  2 curse skulls (Pan)
  12 vault wardens
  32 balrugs
  A draconian stormcaller (Depths:4)
  5 demonspawn blood saints (Pan)
  2 spectral caustic shrikes
  16 stone giants
  7 formless jellyfish
  10 quicksilver oozes
  5 demonspawn corrupters (Pan)
  21 ironbound preservers
  14 reapers
  5 shard shrike simulacra
  15 angels
  The ghost of Duiwip the Earth Mage, a journeyman GrEE of Gozag (Elf:1)
  3 ghouls (Swamp:4)
  A caustic shrike skeleton (Pan)
  A draconian annihilator (Pan)
  3 juggernaut skeletons (Pan)
  6 spriggan defenders
  9 ironbound thunderhulks
  12 cacodemons (Pan)
  15 dire elephants
  31 very ugly things
  17 apis (Pan)
  2 vampire knights
  A black draconian (Abyss:2)
  7 demonspawn black suns (Pan)
  16 elemental wellsprings
  4 eleionomae
  12 ophanim
  3 bunyips
  7 deep elf demonologists
  20 putrid mouths
  The ghost of snarfax the Grappler, a journeyman TrBe of Trog (D:13)
  A white draconian (Depths:4)
  A yellow draconian (Depths:4)
  42 war gargoyles
  10 deep elf death magi
  10 deep elf annihilators
  A minotaur (Gauntlet)
  4 lorocyprocas (Pan)
  A red draconian (Depths:4)
  9 wendigos
  5 halazid warlocks
  5 eidola
  A purple draconian (Depths:4)
  3 jiangshi (Depths:3)
  13 ettins
  10 iron golems
  6 green deaths
  10 blizzard demons
  Josephine (Lair:4)
  A kraken zombie (Hell)
  2 shambling mangroves (Swamp:4)
  4 mummy priests (Depths:2)
  8 fire dragons
  2 spectral quicksilver dragons (Depths:2)
  3 crystal guardians
  8 ragged hierophants (Desolation)
  11 deep elf high priests
  15 yaktaur captains
  7 ice dragons
  Fannar (Lair:1)
  11 great orbs of eyes
  21 hydras
  A spectral tengu (Depths:2)
  10 salamander tyrants
  3 catoblepae
  2 entropy weavers
  A spectral shadow dragon (Depths:2)
  10 ironbound frosthearts
  3 ogre magi
  39 vault guards
  8 peacekeepers
  13 servants of whispers (Desolation)
  3 hell beasts
  3 ghost crabs
  9 caustic shrike simulacra
  10 rakshasas
  An alligator (shapeshifter) (Elf:1)
  A juggernaut simulacrum (Coc:7)
  10 anacondas
  5 spriggan air magi
  23 stokers
  2 spriggan skeletons (Abyss:3)
  5 deep troll shamans (Depths:4)
  12 alligators
  3 satyrs (Pan)
  4 tengu warriors
  32 dancing weapons
  10 centaur warriors
  12 two-headed ogres
  4 vampire magi
  5 merfolk aquamancers (Pan)
  6 boulder beetles
  3 spectral frost giants (Depths:2)
  7 death yaks
  9 deep troll earth magi
  2 spectral dire elephants
  2 spriggan berserkers (Depths:3)
  11 hell hogs
  Urug (Lair:1)
  4 naga sharpshooters
  A spectral storm dragon (Depths:2)
  7 thrashing horrors
  12 naga warriors
  11 occultists
  8 demonic crawlers (Pan)
  23 hell knights
  A shock serpent (shapeshifter) (Elf:1)
  4 shock serpents
  16 spriggans
  9 crystal echidnas
  3 skysharks
  2 wretched stars
  19 deep elf knights
  Nergalle (Lair:1)
  42 sun demons
  2 spectral anacondas
  2 hellephant skeletons (Pan)
  16 sixfirhies
  28 soul eaters
  A spectral spark wasp (Depths:2)
  16 shadow wraiths
  4 skeletal warriors
  A spectral death yak (Lair:5)
  6 salamander mystics
  3 sea snakes (Snake:4)
  4 deep elf archers
  9 shadow demons (Pan)
  4 naga ritualists
  56 deep trolls
  2 goliath frogs (Swamp:1)
  9 iron trolls
  2 orb spiders (Pan)
  14 cherubim (Pan)
  8 flayed ghosts
  3 spriggan druids (Swamp:4)
  3 death drakes
  18 mana vipers
  A deep troll (shapeshifter) (Vaults:5)
  6 swamp dragons
  2 orb spiders (shapeshifter)
  14 arcanists
  4 bog bodies
  A mana viper (shapeshifter) (Vaults:4)
  2 quicksilver dragon simulacra
  A harpy (Vaults:2)
  7 glowing orange brains
  20 ironbound convokers
  4 spectral hydras (Swamp:4)
  A tengu zombie (Vaults:2)
  A steelbarb worm (shapeshifter) (Depths:4)
  2 spectral iron dragons
  An obsidian statue (Depths:2)
  7 phantasmal warriors
  22 deep elf pyromancers
  43 large abominations
  An obsidian bat (Abyss:1)
  3 sun moths (Pan)
  6 orc knights
  12 necromancers
  13 deep elf zephyrmancers
  32 ugly things
  A shining eye (Abyss:1)
  3 oklob plants (Swamp:4)
  A salamander (shapeshifter) (Elf:1)
  A faun (shapeshifter) (Elf:1)
  A shadow dragon skeleton (Abyss:1)
  2 wolf spiders
  10 salamanders
  11 cyclopes
  2 alligator skeletons (Hell)
  An orc sorcerer (Bailey)
  4 worldbinders (Abyss:4)
  6 manticores
  3 will-o-the-wisps
  20 vault sentinels
  A meliai (shapeshifter) (D:13)
  3 moths of wrath
  5 spectral spriggans
  3 meliai (D:14)
  A kobold blastminer (Orc:2)
  17 naga magi
  Joseph (Lair:1)
  15 elephants (Lair:5)
  12 guardian serpents
  37 black mambas
  A dire elephant zombie (Lair:5)
  2 eyes of devastation (shapeshifter) (Elf:1)
  A cane toad (shapeshifter) (Elf:1)
  18 smoke demons
  A molten gargoyle (Desolation)
  13 orange demons
  3 gargoyles
  2 titan simulacra
  A torpor snail (Lair:2)
  4 eyes of devastation (Pan)
  5 rust devils (Hell)
  16 cane toads
  3 ice statues
  2 unseen horrors (shapeshifter)
  3 kobold demonologists
  An emperor scorpion simulacrum (Coc:1)
  2 yaktaurs (shapeshifter) (Elf:1)
  20 hellions
  3 rime drakes
  7 unseen horrors
  27 yaktaurs
  2 anaconda simulacra
  3 efreet
  8 guardian mummies (Depths:2)
  5 tengu conjurers
  4 ice devils (IceCv)
  2 spectral glowing shapeshifters (Depths:2)
  A spectral naga (Tar:4)
  8 komodo dragons
  2 bunyip simulacra
  9 catoblepas skeletons (Abyss:4)
  10 freezing wraiths
  19 hellwings (Pan)
  3 spectral harpies
  19 tormentors
  A komodo dragon (shapeshifter) (Elf:1)
  6 ancient zymes
  6 red devils (Pan)
  A hydra zombie (Hell)
  A merfolk (shapeshifter) (Elf:1)
  A queen bee (Lair:1)
  A bloated husk (Swamp:2)
  10 tyrant leeches
  4 silent spectres
  5 hydra skeletons
  A wind drake (shapeshifter) (Elf:1)
  16 hornets
  73 saltlings (Desolation)
  4 trolls
  A hornet (shapeshifter) (Elf:1)
  3 polar bears
  2 iron dragon simulacra
  A shadow dragon simulacrum (Coc:1)
  An alligator simulacrum (Hell)
  8 glass eyes
  An ettin zombie (Vaults:2)
  15 raiju
  A spectral elephant (Lair:5)
  A blink frog (shapeshifter) (Elf:1)
  5 dream sheep (Lair:3)
  2 snapping turtles (shapeshifter) (Elf:1)
  21 blink frogs
  2 stone giant simulacra
  A spriggan (shapeshifter) (Vaults:4)
  49 slime creatures
  4 air elementals
  A culicivora (Vaults:1)
  A shadow (D:10)
  9 wraiths
  A dire elephant simulacrum (Coc:6)
  23 ynoxinuls
  A yak (shapeshifter) (D:9)
  4 vampires
  2 wyverns
  5 basilisks
  7 water elementals
  15 yaks
  2 fire elementals (D:13)
  11 fire bats
  Eustachio (D:6)
  3 golden eyes (Slime:4)
  A tarantella (shapeshifter) (Elf:1)
  2 redbacks
  A warg (Orc:1)
  A steam dragon (D:7)
  A sea snake simulacrum (Hell)
  24 chaos spawn
  An elf skeleton (Vaults:2)
  Menkaure (D:6)
  18 neqoxecs
  Edmund (D:6)
  A death yak simulacrum (Lair:5)
  13 harpy simulacra
  21 vampire mosquitoes
  16 swamp worms
  31 nagas
  11 water moccasins
  Duvessa (D:5)
  2 acid dragons
  5 hydra simulacra
  5 swamp drakes
  4 black bears
  38 orc warriors
  3 ice beasts
  14 laughing skulls
  2 crocodiles (D:9)
  2 human zombies (Vaults:2)
  4 swamp dragon zombies (Swamp:4)
  5 boggarts (Vaults:1)
  4 wolves (Lair:1)
  9 ogres
  A boggart (shapeshifter) (D:9)
  14 centaurs
  19 starcursed masses (Abyss:4)
  A phantom (D:5)
  An elephant skeleton (Lair:5)
  3 weeping skulls
  3 kobold brigands
  A bullfrog (shapeshifter) (Elf:1)
  10 earth elementals
  12 bullfrogs
  2 gnoll sergeants
  3 cane toad simulacra (Lair:5)
  A human simulacrum (Vaults:1)
  4 scorpions
  9 small abominations
  10 wights (D:8)
  Dowan (D:5)
  39 killer bees
  A vampire bat (D:9)
  6 howler monkeys
  8 electric eels
  A bombardier beetle (D:4)
  5 lava snakes (Volcano)
  2 quasits (Abyss:4)
  An iron imp (Abyss:2)
  7 jellies
  Crazy Yiuf (D:2)
  2 hounds
  A hound (shapeshifter) (Elf:1)
  15 orc priests
  21 orc wizards
  Terence (D:2)
  2 gnoll boudas
  3 iguanas
  6 hell rats (Lair:3)
  2 polar bear simulacra (IceCv)
  A spriggan simulacrum (IceCv)
  16 gnolls
  6 adders
  2 naga simulacra
  A swamp drake skeleton (Swamp:4)
  2 swamp drake zombies (Swamp:4)
  A shadow imp (Gauntlet)
  17 white imps
  10 ufetubi
  2 dart slugs
  2 ribbon worms (D:4)
  77 orcs
  4 ball pythons
  3 bat skeletons (D:9)
  3 bat zombies (D:9)
  8 endoplasms
  5 giant cockroaches
  14 goblins
  15 hobgoblins
  A jackal (D:5)
  17 kobolds
  A quokka (D:2)
  6 bats
  2 frilled lizards (D:1)
  2 rats
  An aspiring flesh (Pan)
  3 creeping infernos
  14 fire vortices
  A spectral weapon (Depths:4)
  A starspawn tentacle (Abyss:4)
  5 tentacles (Hell)
3366 creatures vanquished.

Vanquished Creatures (others)
  A shard shrike (Coc:5)
  An Ice Fiend (Coc:7)
  An eldritch tentacle (Pan)
  A nargun (Coc:7)
  3 shard shrike simulacra
  An elemental wellspring (Coc:1)
  A wendigo (Coc:3)
  A bunyip (Swamp:2)
  A rakshasa (Pan)
  2 juggernaut simulacra
  3 caustic shrike simulacra
  An ice dragon (Pan)
  A satyr (Pan)
  A deep elf knight (WizLab)
  A glowing orange brain (Pan)
  A quicksilver dragon simulacrum (Coc:1)
  A rust devil (Hell)
  2 titan simulacra
  2 bloated husks (Swamp:2)
  A stone giant simulacrum (Coc:2)
  A spriggan (Swamp:3)
  A ynoxinul (Pan)
  An alligator snapping turtle simulacrum (Coc:2)
  3 harpy simulacra
  2 swamp worms (Swamp:3)
  A hydra simulacrum (Coc:2)
  A laughing skull (Abyss:4)
  A white imp (IceCv)
  An ufetubus (Abyss:4)
  6 ball lightnings (Pan)
  5 creeping infernos
  10 foxfires
  A lurking horror (Abyss:3)
  10 starspawn tentacles (Abyss:4)
  3 tentacles (Hell)
74 creatures vanquished.

Grand Total: 3440 creatures vanquished

Notes
Turn   | Place    | Note
-------+----------+-------------------------------------------
     0 | D:1      | Biggs the Troll Fighter began the quest for the Orb.
     0 | D:1      | Reached XP level 1. HP: 22/22 MP: 0/0
   257 | D:1      | Reached XP level 2. HP: 29/29 MP: 1/1
   720 | D:2      | Reached XP level 3. HP: 25/36 MP: 2/2
   917 | D:2      | Noticed Terence
   926 | D:2      | Killed Terence
   927 | D:2      | Reached XP level 4. HP: 44/44 MP: 3/3
   948 | D:2      | Found a runed translucent door.
   949 | D:2      | Noticed Crazy Yiuf
   958 | D:2      | Killed Crazy Yiuf
  1225 | D:2      | Reached skill level 5 in Unarmed Combat
  1608 | D:3      | Found a faded altar of an unknown god.
  1981 | D:3      | Reached XP level 5. HP: 50/50 MP: 4/4
  2224 | D:3      | Found an iron altar of Okawaru.
  3005 | D:4      | Reached XP level 6. HP: 56/59 MP: 5/5
  3210 | D:4      | You fall into a shaft and drop 2 floors!
  3243 | D:6      | Noticed an ice beast
  3250 | D:6      | Killed an ice beast
  3276 | D:5      | Entered Level 5 of the Dungeon
  3313 | D:5      | Found a staircase to the Ecumenical Temple.
  3318 | D:5      | Noticed Duvessa
  3319 | D:5      | Noticed Dowan
  3323 | Temple   | Entered the Ecumenical Temple
  3374 | D:5      | Killed Duvessa
  3375 | D:5      | Reached XP level 7. HP: 65/66 MP: 6/6
  3383 | D:5      | Killed Dowan
  4136 | D:5      | Reached XP level 8. HP: 43/78 MP: 7/7
  4284 | D:6      | Found a stormy altar of Qazlal.
  4346 | D:6      | Noticed Menkaure
  4350 | D:6      | Killed Menkaure
  4351 | D:6      | Reached skill level 5 in Fighting
  4490 | D:6      | Found Jaiputh's Assorted Antiques.
  4491 | D:6      | Found Kycsosha's Weapon Shoppe.
  4491 | D:6      | Found Pabietep's Jewellery Shoppe.
  4557 | D:6      | Bought a scroll labelled GUDUDA JOZYSKOT for 24 gold pieces
  4557 | D:6      | Bought a scroll labelled YVUEFOE ITEIV for 24 gold pieces
  4557 | D:6      | Bought a scroll labelled LOUSTRE WAPH for 24 gold pieces
  4557 | D:6      | Bought a smoky golden potion for 21 gold pieces
  4637 | D:6      | Noticed Edmund
  4645 | D:6      | Killed Edmund
  4649 | D:6      | Reached skill level 10 in Unarmed Combat
  4687 | D:6      | Noticed Eustachio
  4696 | D:6      | Killed Eustachio
  4884 | D:7      | Noticed a hornet
  4895 | D:7      | Killed a hornet
  4896 | D:7      | Reached XP level 9. HP: 63/88 MP: 8/8
  5157 | D:7      | Found Ycossuv's Assorted Antiques.
  5175 | D:7      | Bought an encrusted opal ring for 130 gold pieces
  5191 | D:7      | Found Happo's Jewellery Boutique.
  5320 | D:7      | Found Kadompuygu's Magic Scroll Emporium.
  5323 | D:7      | Bought a scroll of identify for 28 gold pieces
  5323 | D:7      | Bought a scroll of identify for 28 gold pieces
  5323 | D:7      | Bought a scroll of identify for 28 gold pieces
  5659 | D:7      | Noticed a troll
  5668 | D:7      | Killed a troll
  5689 | D:7      | Found Faruebod's Antique Weapon Boutique.
  6435 | D:8      | Noticed a manticore
  6448 | D:8      | Killed a manticore
  6449 | D:8      | Reached XP level 10. HP: 44/96 MP: 9/9
  6694 | D:9      | Noticed a two-headed ogre
  6701 | D:9      | Noticed a two-headed ogre
  6702 | D:9      | Killed a two-headed ogre
  6780 | D:9      | Killed a two-headed ogre
  6804 | D:9      | Reached skill level 15 in Unarmed Combat
  6894 | D:9      | Noticed a two-headed ogre
  6906 | D:9      | Killed a two-headed ogre
  6947 | D:9      | Noticed a purple ugly thing
  6983 | D:9      | Killed a purple ugly thing
  6984 | D:9      | Reached XP level 11. HP: 65/102 MP: 10/10
  7158 | D:9      | Noticed a two-headed ogre
  7180 | D:9      | Found an ancient bone altar of Kikubaaqudgha.
  7218 | D:9      | Found a staircase to the Lair.
  7479 | D:9      | Killed a two-headed ogre
  7877 | D:10     | Entered Level 10 of the Dungeon
  8002 | D:10     | Got Sif Muna's Vademecum on the Chthonic Welkin
  8104 | D:10     | Noticed a boulder beetle
  8117 | D:10     | Killed a boulder beetle
  8205 | D:10     | Identified the +8 long sword of Neabligg {flame, rF+ Dex+2}
  8501 | D:10     | Found a flagged portal.
  8534 | Bailey   | Entered a bailey
  8737 | Bailey   | Found an iron altar of Okawaru.
  8737 | Bailey   | Noticed an orc sorcerer
  8781 | Bailey   | Killed an orc sorcerer
  9182 | D:10     | Noticed a two-headed ogre
  9188 | D:10     | Killed a two-headed ogre
  9189 | D:10     | Reached skill level 1 in Shapeshifting
  9189 | D:10     | Reached XP level 12. HP: 103/120 MP: 11/11
  9250 | D:10     | Found an ornate altar of the Wu Jian Council.
  9258 | D:10     | Became a worshipper of the Wu Jian Council
  9519 | D:11     | Found a frozen archway.
  9557 | D:11     | Found a portal to a secret trove of treasure.
  9589 | IceCv    | Entered an ice cave
  9603 | IceCv    | Reached * piety under Wu Jian
  9767 | IceCv    | Reached skill level 5 in Shapeshifting
  9895 | IceCv    | Noticed a reaper
  9901 | IceCv    | Killed a reaper
  9905 | IceCv    | Got the Anthology of Algor
 10118 | D:11     | Found a viscous altar of Jiyva.
 10138 | D:11     | Reached ** piety under Wu Jian
 10350 | D:11     | Identified the +5 broad axe of Jaanuarius {speed, Str+5
                  | Int-2}
 10490 | D:11     | Noticed a centaur warrior
 10504 | D:11     | Killed a centaur warrior
 10513 | D:11     | Noticed a centaur warrior
 10526 | D:11     | Killed a centaur warrior
 10767 | D:11     | Found the +10 tower shield of Ignorance {rN+ Int-4}
 10813 | D:11     | Found an iron altar of Okawaru.
 11230 | D:9      | Acquired the scarf of the Bells {repulsion, rF- Regen+
                  | Str-2 Int+6}
 11232 | D:9      | Acquired the +5 Storm Queen's Shield {shock, Fly rElec}
 11232 | D:9      | Found the +5 Storm Queen's Shield {shock, Fly rElec}
 11246 | D:9      | Acquired 720 gold pieces
 11248 | D:9      | Acquired a storm talisman
 11252 | Lair:1   | Entered Level 1 of the Lair of Beasts
 11257 | Lair:1   | Noticed Fannar
 11269 | Lair:1   | Killed Fannar
 11280 | Lair:1   | Reached skill level 10 in Shapeshifting
 11280 | Lair:1   | Reached XP level 13. HP: 118/127 MP: 12/12
 11322 | Lair:1   | Reached *** piety under Wu Jian
 11456 | Lair:1   | Noticed Urug
 11472 | Lair:1   | Killed Urug
 11727 | Lair:1   | Noticed Joseph
 11728 | Lair:1   | Noticed Nergalle
 11738 | Lair:1   | Killed Nergalle
 11743 | Lair:1   | Killed Joseph
 12264 | Lair:2   | Found a staircase to the Swamp.
 12281 | Lair:2   | Reached **** piety under Wu Jian
 12961 | Lair:3   | Found a staircase to the Snake Pit.
 13511 | D:7      | Bought a dragon-blood talisman for 900 gold pieces
 14266 | Lair:4   | Noticed Rupert
 14269 | Lair:4   | Killed Rupert
 14445 | Lair:4   | Reached XP level 14. HP: 136/136 MP: 13/13
 14560 | Lair:4   | Reached ***** piety under Wu Jian
 14562 | Lair:4   | Noticed Josephine
 14567 | Lair:4   | Killed Josephine
 15084 | Lair:5   | Entered Level 5 of the Lair of Beasts
 15084 | Lair:5   | Found a staircase to the Slime Pits.
 15143 | Lair:5   | Reached skill level 15 in Shapeshifting
 15726 | Lair:5   | Gained mutation: You occasionally shout uncontrollably at
                  | your foes. [a neqoxec]
 15976 | Lair:5   | Found the +7 mace of Variability {chaos, chaos arc}
 16122 | Lair:5   | Reached skill level 10 in Fighting
 16585 | Snake:1  | Entered Level 1 of the Snake Pit
 16627 | Snake:1  | Reached XP level 15. HP: 151/151 MP: 14/14
 17434 | Snake:2  | Reached ****** piety under Wu Jian
 17760 | Snake:2  | Noticed a nagaraja
 17767 | Snake:2  | Killed a nagaraja
 17862 | Snake:2  | Noticed a nagaraja
 17867 | Snake:2  | Killed a nagaraja
 18445 | Snake:3  | Noticed Bai Suzhen
 18490 | Snake:2  | Killed Bai Suzhen
 19272 | Snake:3  | Noticed Jorgrun
 19279 | Snake:3  | Killed Jorgrun
 19644 | Snake:3  | Noticed a nagaraja
 19648 | Snake:3  | Killed a nagaraja
 19909 | Snake:3  | Acquired a manual of Shapeshifting
 19941 | Snake:4  | Entered Level 4 of the Snake Pit
 19957 | Snake:4  | Reached XP level 16. HP: 161/165 MP: 15/15
 20025 | Snake:4  | Found a runed translucent door.
 20025 | Snake:4  | Noticed Doorstop00's ghost (adept MiBe)
 20139 | Snake:4  | Found a shimmering altar of Xom.
 20153 | Snake:4  | Noticed Mara
 20155 | Snake:4  | Killed Mara
 20398 | Snake:4  | Found a glowing silver altar of Zin.
 20700 | Snake:4  | Got a serpentine rune of Zot
 20893 | Swamp:1  | Entered Level 1 of the Swamp
 21117 | Swamp:1  | Noticed Mlioglotl
 21124 | Swamp:1  | Killed Mlioglotl
 21764 | Swamp:2  | Reached XP level 17. HP: 172/172 MP: 16/16
 22739 | Swamp:3  | Noticed Nikola
 22745 | Swamp:3  | Killed Nikola
 22865 | Swamp:4  | Entered Level 4 of the Swamp
 23838 | Swamp:4  | Found a basalt altar of Yredelemnul.
 23986 | Swamp:4  | Found a blossoming altar of Fedhas.
 24069 | Swamp:4  | Got a decaying rune of Zot
 24406 | D:12     | Found Hadisint's Antique Armour Shop.
 24436 | D:12     | Found Ajeytt's Book Shoppe.
 24448 | D:12     | Found a gate leading to a gauntlet.
 24455 | Gauntlet | Entered a Gauntlet
 24455 | Gauntlet | Found a transporter.
 24455 | Gauntlet | Found a transporter.
 24470 | Gauntlet | Found a transporter.
 24471 | Gauntlet | Found a transporter.
 24479 | Gauntlet | Found a transporter.
 24482 | Gauntlet | Found a transporter.
 24492 | Gauntlet | Found a transporter.
 24506 | Gauntlet | Found a runed translucent door.
 24507 | Gauntlet | Found a transporter.
 24508 | Gauntlet | Found a runed translucent door.
 24521 | Gauntlet | Found a transporter.
 24525 | Gauntlet | Found a transporter.
 24534 | Gauntlet | Found a transporter.
 24541 | Gauntlet | Found a transporter.
 24734 | D:12     | Found a staircase to the Orcish Mines.
 24744 | D:12     | Found Tury's Armour Shop.
 25075 | D:12     | Found Keasir's Jewellery Boutique.
 25227 | D:12     | Found a burning altar of Makhleb.
 25397 | Orc:1    | Entered Level 1 of the Orcish Mines
 25417 | Orc:1    | Found a dark tunnel.
 25424 | Volcano  | Entered a volcano
 25522 | Volcano  | Found a bloodstained altar of Trog.
 25814 | Orc:1    | Reached XP level 18. HP: 186/187 MP: 17/17
 25988 | Orc:2    | Entered Level 2 of the Orcish Mines
 26044 | Orc:2    | Found a burning altar of Makhleb.
 26079 | Orc:2    | Found Gaisi's Book Emporium.
 26109 | Orc:2    | Found Huaggoom's Antique Weapon Shop.
 26267 | Orc:2    | Found Huiqof's General Store.
 26267 | Orc:2    | Found a staircase to the Elven Halls.
 26323 | Orc:2    | Found Sautzibb's Antique Armour Emporium.
 26494 | Elf:1    | Entered Level 1 of the Elven Halls
 26869 | Elf:2    | Found a runed translucent gate.
 26873 | Elf:2    | Found a runed translucent gate.
 26873 | Elf:2    | Found a runed translucent gate.
 26948 | Elf:2    | Found a radiant altar of Vehumet.
 27068 | Elf:2    | Noticed a Tzitzimitl
 27291 | Elf:2    | Found a hide-covered altar of Uskayaw.
 27291 | Elf:2    | Identified the +5 sling "Halog" {heavy, rC+++ rN+ Str-4
                  | Dex+3}
 27298 | Elf:2    | Reached skill level 15 in Fighting
 27354 | Elf:2    | Got the Incunabulum of Unhallowed Deeds
 27502 | Elf:3    | Entered Level 3 of the Elven Halls
 27569 | Elf:3    | Identified the +1 robe "Vasen" {rElec rC+ Str+2 Int+2}
 27578 | Elf:3    | Acquired 1269 gold pieces
 28022 | Elf:3    | Identified the ring "Waput" {rElec Str+3 SInv}
 28032 | Elf:3    | Identified the ring of Devotion {*Slow rElec Int+6 Dex+4}
 28039 | Elf:3    | Reached XP level 19. HP: 158/204 MP: 18/18
 28057 | Elf:3    | Got a shimmering gem with 265 turns to spare
 28075 | Elf:3    | Identified the ring of Ugiul {rF+ rN+ Will+ Dex-5 Slay+2}
 28100 | Elf:3    | Identified the +3 hand axe "Nuopiy" {freeze, ^Drain rF+
                  | Will++ SInv}
 28101 | Elf:3    | Identified the +11 longbow "Xiydafarr" {antimagic, rPois
                  | rC+ Int+6}
 28126 | Elf:3    | Identified the +4 chain mail of Philately {rPois rCorr}
 28139 | Elf:3    | Got Oturoz's Incunable of Nigredo and Accelerants
 28550 | Elf:2    | Noticed Louise
 28690 | Elf:2    | Killed Louise
 29254 | Elf:1    | Got the Vellum of Formulae
 29256 | Elf:1    | Got the Folio of Stony Destruction
 29258 | Elf:1    | Got Camenuygu's Vademecum on Melanosis
 29357 | Elf:1    | Found Wupeebof's One-of-a-Kind Books.
 29423 | Elf:1    | Found a transporter.
 29427 | Elf:1    | Noticed Duiwip's ghost (journeyman GrEE)
 29467 | Elf:1    | Found a shimmering blue altar of Sif Muna.
 29518 | Elf:1    | Found a transporter.
 29586 | Elf:1    | Found Ocvigida's Magic Scroll Boutique.
 29593 | Elf:1    | Bought a scroll of teleportation for 36 gold pieces
 29593 | Elf:1    | Bought a scroll of blinking for 90 gold pieces
 29593 | Elf:1    | Bought a scroll of teleportation for 36 gold pieces
 29798 | Elf:1    | Killed Duiwip's ghost
 29801 | Elf:1    | Identified the ring of Limitation {rF+ rCorr Int+3 Dex+2}
 30193 | D:13     | Found a transporter.
 30212 | D:13     | Found a bloodstained altar of Trog.
 30212 | D:13     | Noticed snarfax's ghost (journeyman TrBe)
 30220 | D:13     | Found a transporter.
 30710 | D:13     | Killed snarfax's ghost
 31158 | D:14     | Found a gate to the Vaults.
 31277 | D:14     | Found a shimmering blue altar of Sif Muna.
 31686 | D:15     | Entered Level 15 of the Dungeon
 31853 | D:15     | Identified the +3 dagger "Voulut" {vamp, ^Drain Will+
                  | Int+4}
 31928 | D:15     | Found a staircase to the Depths.
 32038 | D:15     | Found Zucef's Assorted Antiques.
 32041 | D:15     | Bought a potion of heal wounds for 150 gold pieces
 32041 | D:15     | Bought a glittering turquoise ring for 150 gold pieces
 32041 | D:15     | Identified the ring "Kaduwoip" {*Slow Fly rF- Will+ Str+9}
                  | (You bought it in a shop on level 15 of the Dungeon)
 32041 | D:15     | Bought 2 potions of mutation for 480 gold pieces
 32041 | D:15     | Bought a scroll of blinking for 225 gold pieces
 32041 | D:15     | Bought a fizzy grey potion for 27 gold pieces
 32041 | D:15     | Bought a fizzy grey potion for 27 gold pieces
 32335 | Vaults:1 | Entered Level 1 of the Vaults
 32373 | Vaults:1 | Found Enekkaw's General Store.
 32381 | Vaults:1 | Bought a scroll of enchant armour for 82 gold pieces
 32475 | Vaults:1 | Found a magical portal.
 32480 | WizLab   | Entered Yara's Duelist Academy
 32518 | WizLab   | Reached XP level 20. HP: 165/213 MP: 10/19
 32535 | WizLab   | Noticed Huodoubu
 32542 | WizLab   | Killed Huodoubu the Head Instructor
 32762 | WizLab   | Got Yara's Discourse on the Jinx
 32764 | WizLab   | Got Yara's Compilation of Destiny
 33010 | Vaults:1 | Got Nik Bead's Handbook of Decalescent Phantasms
 33296 | Vaults:2 | Found a crumbling gateway.
 33298 | Vaults:2 | Found a white marble altar of Elyvilon.
 33298 | Vaults:2 | Found a glowing golden altar of the Shining One.
 33299 | Vaults:2 | Found a glowing silver altar of Zin.
 33310 | Desolati | Entered the Desolation of Salt
 33343 | Desolati | Found the +5 scythe "Finisher" {speed, execute}
 33358 | Desolati | Identified the amulet "Tyqo" {Faith Str+3}
 33384 | Desolati | Got the Catalogue of Intuition
 33441 | Desolati | Found the +6 arbalest "Damnation" {damnation}
 33448 | Desolati | Identified the ring of the Immovable Dreams {rC+ rCorr MP+9
                  | Str-2}
 33496 | Desolati | Reached skill level 1 in Evocations
 33646 | Desolati | Identified the +8 sling of Instant Death {drain, rC+}
 33776 | Desolati | Identified the +1 spear of Qazlal's Pride {flame, rN+
                  | Str+3}
 33909 | Desolati | Got the Octavo of the Curse
 33923 | Desolati | Identified the amulet of No Interval {Acrobat Dex+2}
 34250 | Vaults:2 | Found Unonweyrr's General Store.
 34255 | Vaults:2 | Bought a scroll of blinking for 90 gold pieces
 34330 | Vaults:2 | Found a staircase to the Crypt.
 34426 | Vaults:2 | Reached skill level 5 in Evocations
 34629 | Vaults:2 | Found Jamiw's Weapon Shoppe.
 34630 | Vaults:2 | Found Sucyokk's Book Boutique.
 34692 | Vaults:2 | Found Jown's Distillery.
 34698 | Vaults:2 | Bought a potion of curing for 60 gold pieces
 34766 | Vaults:3 | Reached XP level 21. HP: 221/221 MP: 20/20
 35331 | Vaults:5 | Entered Level 5 of the Vaults
 35346 | Vaults:5 | Noticed Jory
 35347 | Vaults:5 | Reached skill level 10 in Evocations
 35352 | Vaults:5 | Noticed a dread lich
 35353 | Vaults:5 | Identified the +5 shortbow "Hydrabane" {freeze, rN+ rCorr
                  | Str+2 Int-5}
 35357 | Vaults:5 | Killed a dread lich
 35361 | Vaults:5 | Killed Jory
 35365 | Vaults:5 | Noticed a golden dragon
 35378 | Vaults:5 | Killed a golden dragon
 35404 | Vaults:5 | Gained mutation: Your magical capacity is low. (-10% MP) [a
                  | shining eye]
 35406 | Vaults:5 | Gained mutation: You are frail. (-10% HP) [a shining eye]
 35433 | Vaults:5 | Got a shining gem with 2046 turns to spare
 35436 | Vaults:5 | Got a silver rune of Zot
 35457 | Vaults:5 | Reached XP level 22. HP: 99/207 MP: 18/18
 35566 | Vaults:5 | Identified the +8 battleaxe of Bile {flame, rF+ rC+ Str-4
                  | Stlth+}
 35703 | Vaults:5 | Identified the +3 spear of the Grave {heavy, Str+3 SInv}
 35797 | Vaults:5 | Identified the staff of the Iron City of Dis {rN+ Dex+3
                  | SInv Necro}
 35808 | Vaults:5 | Got the Spellbook of the Commander
 35956 | Vaults:5 | Identified the staff of Foul Odours {rElec rF+ rC- Dex+3
                  | Fire}
 35958 | Vaults:5 | Identified the staff "Spiderbane" {*Corrode rElec rF+ SInv
                  | Fire Ice}
 36033 | Vaults:5 | Noticed a dread lich
 36034 | Vaults:5 | Paralysed by a dread lich for 5 turns
 36041 | Vaults:5 | Killed a dread lich
 36053 | Vaults:5 | Identified the +2 trident of Fimoux {spect, +Blink rPois
                  | Str+3 Int-5}
 36510 | Vaults:5 | Noticed Mennas
 36524 | Vaults:5 | Killed Mennas
 36649 | Vaults:4 | Paralysed by a sphinx for 5 turns
 37452 | Vaults:3 | Found Noonid Pelo's Antique Weapon Shoppe.
 37666 | Vaults:3 | You are sucked into a shaft and drop 1 floor!
 38363 | Vaults:2 | Reached skill level 27 in Unarmed Combat
 39085 | Vaults:1 | Reached XP level 23. HP: 215/215 MP: 19/19
 39392 | D:11     | You paid a toll of +5 fire dragon scales to enter a
                  | treasure trove
 39393 | Trove    | Entered a treasure trove
 39439 | Trove    | Identified the amulet of Understanding {Spirit rF+++}
 39440 | Trove    | Identified the amulet "Teall" {Acrobat -Cast Harm +Blink
                  | SInv}
 39610 | Depths:1 | Entered Level 1 of the Depths
 39805 | Depths:1 | Found a one-way gateway to a ziggurat.
 39880 | Depths:1 | Found a one-way gate to the infinite horrors of the Abyss.
 40278 | Depths:1 | Found a gateway to Hell.
 40335 | Depths:1 | Found a hide-covered altar of Uskayaw.
 40493 | Depths:2 | Noticed Sojobo
 40503 | Depths:2 | Identified the +4 robe "Potut" {Will+}
 40503 | Depths:2 | Noticed Boris
 40506 | Depths:2 | Killed Sojobo
 40514 | Depths:2 | Killed Boris
 40591 | Depths:2 | Lost mutation: You occasionally shout uncontrollably at
                  | your foes. [potion of mutation]
 40591 | Depths:2 | Lost mutation: You are frail. (-10% HP) [potion of
                  | mutation]
 40591 | Depths:2 | Gained mutation: Your muscles are strong. (Str +4, Int/Dex
                  | -1) [potion of mutation]
 40591 | Depths:2 | Gained mutation: You possess an exceptional clarity of
                  | mind. [potion of mutation]
 41057 | Depths:2 | Found Zajafyfi's Weapon Shoppe.
 41317 | Depths:2 | Found a one-way gate leading to the halls of Pandemonium.
 41751 | Depths:2 | Noticed a royal mummy
 41760 | Depths:2 | Killed a royal mummy
 41901 | Depths:3 | Found Qaob's Jewellery Shoppe.
 41903 | Depths:3 | Found Eraaze's Book Emporium.
 41905 | Depths:3 | Found Gevats's Armour Shoppe.
 42252 | Depths:3 | Paralysed by something for 5 turns
 42262 | Depths:3 | Paralysed by something for 5 turns
 42571 | Depths:3 | Noticed a caustic shrike
 42575 | Depths:3 | Killed a caustic shrike
 43007 | Depths:3 | Reached XP level 24. HP: 241/262 MP: 19/19
 43081 | Depths:4 | Entered Level 4 of the Depths
 43084 | Depths:4 | Noticed the Enchantress
 43092 | Depths:4 | Killed the Enchantress
 43155 | Depths:4 | Noticed a juggernaut
 43157 | Depths:4 | Killed a juggernaut
 43217 | Depths:4 | Noticed Grunn
 43223 | Depths:4 | Killed Grunn
 43547 | Depths:4 | Found a gate to the Realm of Zot.
 43803 | Depths:4 | Noticed Parghit
 43808 | Depths:4 | Killed Parghit
 43911 | Depths:4 | Acquired 448 gold pieces
 43913 | Depths:4 | Acquired 1061 gold pieces
 43915 | Depths:4 | Acquired 803 gold pieces
 43917 | Depths:4 | Acquired 712 gold pieces
 44220 | Slime:1  | Entered Level 1 of the Pits of Slime
 44323 | Slime:5  | Entered Level 5 of the Pits of Slime
 44478 | Slime:5  | Found a viscous altar of Jiyva.
 44561 | Slime:5  | Noticed the Royal Jelly
 44567 | Slime:5  | Killed the Royal Jelly
 44682 | Slime:5  | Identified the +2 mace "Sufaeffi" {freeze, Fly rPois}
 44704 | Slime:5  | Found the +3 robe of Clouds {*Thunder rCloud rElec}
 44714 | Slime:5  | Identified the +2 war axe "Hopis" {flame, rC+ Will+ Int-2
                  | Dex+4}
 44715 | Slime:5  | Got a starry gem with 122 turns to spare
 44719 | Slime:5  | Got a slimy rune of Zot
 44759 | Slime:5  | Identified the +7 dagger "Pedoxez" {venom, rC+}
 44784 | Slime:5  | Reached skill level 5 in Shields
 44784 | Slime:5  | Reached XP level 25. HP: 284/284 MP: 19/19
 45259 | Pan      | Entered Pandemonium
 45266 | Pan      | Reached XP level 26. HP: 293/293 MP: 19/19
 45276 | Pan      | Entered the realm of Mnoleg.
 45341 | Pan      | Gained mutation: Armour fits poorly on your strangely
                  | shaped body. [a cacodemon]
 45408 | Pan      | Lost mutation: Your muscles are strong. (Str +4, Int/Dex
                  | -1) [a cacodemon]
 45622 | Pan      | Noticed Mnoleg
 45636 | Pan      | HP: 17/380 [constriction (15)]
 45636 | Pan      | HP: 5/380 [shadow demon (12)]
 45678 | Pan      | Gained mutation: You occasionally lose the ability to read
                  | scrolls when taking damage. [a neqoxec]
 45679 | Pan      | Gained mutation: You are weak. (Str -2) [a neqoxec]
 45710 | Pan      | Lost mutation: Armour fits poorly on your strangely shaped
                  | body. [potion of mutation]
 45710 | Pan      | Lost mutation: You occasionally lose the ability to read
                  | scrolls when taking damage. [potion of mutation]
 45710 | Pan      | Gained mutation: Your body sometimes deteriorates upon
                  | taking damage. [potion of mutation]
 45710 | Pan      | Gained mutation: You are frail. (-10% HP) [potion of
                  | mutation]
 45711 | Pan      | Lost mutation: Your body sometimes deteriorates upon taking
                  | damage. [potion of mutation]
 45711 | Pan      | Lost mutation: You are weak. (Str -2) [potion of mutation]
 45711 | Pan      | Lost mutation: You are frail. (-10% HP) [potion of
                  | mutation]
 45711 | Pan      | Gained mutation: Your spells are a little harder to cast,
                  | but a little more powerful. [potion of mutation]
 45711 | Pan      | Gained mutation: Your muscles are strong. (Str +4, Int/Dex
                  | -1) [potion of mutation]
 45720 | Pan      | Gained mutation: Your body sometimes deteriorates upon
                  | taking damage. [a cacodemon]
 45721 | Pan      | Gained mutation: You are vulnerable to cold. (rC-) [a
                  | neqoxec]
 45962 | Pan      | Gained mutation: Your body often deteriorates upon taking
                  | damage. [a cacodemon]
 46093 | Pan      | Killed Mnoleg
 46094 | Pan      | Reached skill level 10 in Shields
 46097 | Pan      | Gained mutation: You are clumsy. (Dex -2) [a cacodemon]
 46098 | Pan      | Gained mutation: Armour fits poorly on your strangely
                  | shaped body. [a cacodemon]
 46143 | Pan      | Got a glowing rune of Zot
 46169 | Pan      | Identified the staff of the Countless Priests {Dex+3 Conj}
 46236 | Pan      | Gained mutation: Your health recovers twice as slowly from
                  | being drained. [a neqoxec]
 46262 | Pan      | Acquired 924 gold pieces
 46889 | Pan      | Noticed a seraph
 46902 | Pan      | Killed a seraph
 46917 | Pan      | Found a glowing golden altar of the Shining One.
 46919 | Pan      | Identified the +14 chain mail of Apathy {rPois Int+2}
 46931 | Pan      | Got a demonic rune of Zot
 46937 | Pan      | Identified the staff "Nuaveu" {rElec rN+ Int+2 Conj Necro}
 47114 | Pan      | Found a white marble altar of Elyvilon.
 47651 | Pan      | Entered the realm of Cerebov.
 47698 | Pan      | Reached skill level 15 in Shields
 47702 | Pan      | Reached XP level 27. HP: 190/302 MP: 19/19
 47877 | Pan      | Identified the amulet "Mefiw" {Spirit rF- rC+ rN++}
 47889 | Pan      | Identified the ring of Yfoxut {Fire rN+++ Will- Int-5
                  | Dex+6}
 47933 | Pan      | Found the +6 sword of Cerebov {flame}
 47933 | Pan      | Noticed Cerebov
 47942 | Pan      | Killed Cerebov
 48006 | Pan      | Identified the amulet of Lady Luck {+Blink Fly Will-
                  | RegenMP+ Int+5}
 48029 | Pan      | Identified the staff of Etzut {rF+ rC+ Str+2 Fire}
 48030 | Pan      | Identified the +8 quarterstaff of Resourcefulness {drain,
                  | rPois rN+ Will- Int+3}
 48048 | Pan      | Identified the +8 flail of Mihen {drain, rF+}
 48050 | Pan      | Identified the staff "Iwaamow" {rPois Str+3 Stlth+ Alchemy}
 48051 | Pan      | Identified the +2 arbalest of Gicis {drain, rC++ rN+ Will+
                  | Dex+4}
 48094 | Pan      | Got a fiery rune of Zot
 48172 | Pan      | Entered the realm of Lom Lobon.
 48308 | Pan      | Noticed Lom Lobon
 48366 | Pan      | Found an exit through the horrors of the Abyss.
 48585 | Pan      | Killed Lom Lobon
 48596 | Pan      | Got a magical rune of Zot
 48689 | Pan      | Took an exit into the Abyss.
 48689 | Abyss:1  | Escaped into the Abyss
 48689 | Abyss:1  | Found a corrupted altar of Lugonu.
 48812 | Abyss:1  | Gained mutation: You are frail. (-10% HP) [a shining eye]
 48813 | Abyss:1  | Gained mutation: Your magical capacity is very low. (-20%
                  | MP) [a shining eye]
 48814 | Abyss:1  | Gained mutation: You are very clumsy. (Dex -4) [a shining
                  | eye]
 48852 | Abyss:1  | Lost mutation: Your muscles are strong. (Str +4, Int/Dex
                  | -1) [a neqoxec]
 48854 | Abyss:1  | Gained mutation: You are very frail. (-20% HP) [a neqoxec]
 48881 | Abyss:1  | Gained mutation: You are vulnerable to heat. (rF-) [a
                  | neqoxec]
 49439 | Abyss:4  | Got an abyssal rune of Zot
 49477 | Abyss:4  | Found a corrupted altar of Lugonu.
 49596 | Depths:2 | Escaped the Abyss
 49598 | Depths:2 | Lost mutation: You are very frail. (-20% HP) [potion of
                  | mutation]
 49598 | Depths:2 | Lost mutation: You are very clumsy. (Dex -4) [potion of
                  | mutation]
 49599 | Depths:2 | Lost mutation: Your health recovers twice as slowly from
                  | being drained. [potion of mutation]
 49599 | Depths:2 | Lost mutation: You are frail. (-10% HP) [potion of
                  | mutation]
 49599 | Depths:2 | Lost mutation: You are vulnerable to heat. (rF-) [potion of
                  | mutation]
 49599 | Depths:2 | Gained mutation: Your flesh is heat resistant. (rF+)
                  | [potion of mutation]
 49600 | Depths:2 | Lost mutation: You are vulnerable to cold. (rC-) [potion of
                  | mutation]
 49600 | Depths:2 | Lost mutation: Your flesh is heat resistant. (rF+) [potion
                  | of mutation]
 49600 | Depths:2 | Gained mutation: You passively dampen the noise of your
                  | surroundings. [potion of mutation]
 49601 | Depths:2 | Lost mutation: You possess an exceptional clarity of mind.
                  | [potion of mutation]
 49601 | Depths:2 | Lost mutation: Armour fits poorly on your strangely shaped
                  | body. [potion of mutation]
 49601 | Depths:2 | Lost mutation: Your body often deteriorates upon taking
                  | damage. [potion of mutation]
 49601 | Depths:2 | Gained mutation: Your muscles are strong. (Str +4, Int/Dex
                  | -1) [potion of mutation]
 49601 | Depths:2 | Lost mutation: Your muscles are strong. (Str +4, Int/Dex
                  | -1) [potion of mutation]
 49601 | Depths:2 | Gained mutation: You are strong-willed. (Will+) [potion of
                  | mutation]
 49602 | Depths:2 | Lost mutation: You passively dampen the noise of your
                  | surroundings. [potion of mutation]
 49602 | Depths:2 | Lost mutation: Your body sometimes deteriorates upon taking
                  | damage. [potion of mutation]
 49602 | Depths:2 | Gained mutation: Your magical capacity is extremely low.
                  | (-30% MP) [potion of mutation]
 49603 | Depths:2 | Lost mutation: Your magical capacity is extremely low.
                  | (-30% MP) [potion of mutation]
 49603 | Depths:2 | Lost mutation: Your spells are a little harder to cast, but
                  | a little more powerful. [potion of mutation]
 49603 | Depths:2 | Lost mutation: You are clumsy. (Dex -2) [potion of
                  | mutation]
 49603 | Depths:2 | Lost mutation: You are strong-willed. (Will+) [potion of
                  | mutation]
 49613 | Pan      | Entered Pandemonium
 49795 | Pan      | Noticed Pihuuky the pandemonium lord
 49810 | Pan      | Killed Pihuuky the pandemonium lord
 49878 | Pan      | Identified the +0 robe "Ukuo" {rF++}
 50006 | Pan      | Identified the +2 mace "Hellblazer" {flame, rElec rC+}
 50856 | Pan      | Entered the realm of Gloorx Vloq.
 51027 | Pan      | Noticed Gloorx Vloq
 51041 | Pan      | Killed Gloorx Vloq
 51150 | Pan      | Got a dark rune of Zot
 51527 | Depths:2 | Escaped Pandemonium
 51553 | Hell     | Entered the Vestibule of Hell
 51553 | Hell     | Noticed Geryon
 51562 | Hell     | Killed Geryon
 51634 | Hell     | Found a gateway to the Iron City of Dis.
 51746 | Hell     | Found a gateway to the decaying netherworld of Tartarus.
 51776 | Tar:1    | Entered Level 1 of Tartarus
 51776 | Tar:1    | Noticed a dread lich
 52538 | Tar:7    | Entered Level 7 of Tartarus
 52964 | Tar:7    | Identified the +8 spear of Lomixt {speed, rF+ Dex+3}
 53696 | Tar:7    | Reached skill level 27 in Fighting
 53764 | Tar:7    | Identified the amulet "Mahuong" {Regen+ rCorr Int+4}
 54048 | Tar:7    | Identified the +4 short sword "Quxuegea" {vamp, rPois rC+
                  | rN+ Will- Stlth+}
 54504 | Tar:7    | Noticed Ereshkigal
 54531 | Tar:7    | Reached skill level 5 in Dodging
 54548 | Tar:7    | Killed Ereshkigal
 54573 | Tar:7    | Got a bone rune of Zot
 54687 | Tar:7    | Identified the +1 pair of boots of Inguh {Int+5}
 55088 | Hell     | Found a gateway to the ashen valley of Gehenna.
 55099 | Geh:1    | Entered Level 1 of Gehenna
 55420 | Geh:3    | You fall into a shaft and drop 2 floors!
 55469 | Geh:6    | Reached skill level 10 in Dodging
 55540 | Geh:7    | Entered Level 7 of Gehenna
 55540 | Geh:7    | Noticed an ancient lich
 55546 | Geh:7    | Killed an ancient lich
 55608 | Geh:7    | Noticed the Serpent of Hell
 55609 | Geh:7    | Killed the Serpent of Hell
 55891 | Geh:7    | Identified the ring "Fawap" {Fly rPois EV+5 Int-4 Stlth+}
 55896 | Geh:7    | Identified the +1 ring mail "Kaofuzaeha" {rF+ rC+}
 55902 | Geh:7    | Identified the ring "Koakh" {rF+ rCorr Str+4 Stlth+}
 56044 | Geh:7    | Reached skill level 1 in Armour
 56196 | Geh:7    | Found the +13 sceptre of Asmodeus
 56196 | Geh:7    | Noticed Asmodeus
 56200 | Geh:7    | Killed Asmodeus
 56201 | Geh:7    | Reached skill level 5 in Armour
 56217 | Geh:7    | Got an obsidian rune of Zot
 56413 | Dis:1    | Entered Level 1 of the Iron City of Dis
 56993 | Dis:6    | Reached skill level 10 in Armour
 57141 | Dis:7    | Entered Level 7 of the Iron City of Dis
 57544 | Dis:7    | Noticed a juggernaut
 57547 | Dis:7    | Killed a juggernaut
 57689 | Dis:7    | Noticed a juggernaut
 57696 | Dis:7    | Killed a juggernaut
 57749 | Dis:7    | Noticed a juggernaut
 57752 | Dis:7    | Killed a juggernaut
 57791 | Dis:7    | Noticed Dispater
 57807 | Dis:7    | Killed Dispater
 57835 | Dis:7    | Identified the +0 ring mail "Radyd Gubiwn" {+Blink Fly rC+
                  | Stlth+}
 57837 | Dis:7    | Got an iron rune of Zot
 57983 | Hell     | Found a gateway to the freezing wastes of Cocytus.
 58151 | Coc:1    | Entered Level 1 of Cocytus
 58242 | Coc:2    | Noticed a dread lich
 58246 | Coc:2    | Paralysed by something for 5 turns
 58258 | Coc:2    | Paralysed by a wendigo for 1 turns
 58263 | Coc:2    | Killed a dread lich
 58577 | Coc:6    | Noticed a dread lich
 58579 | Coc:6    | Killed a dread lich
 58587 | Coc:7    | Entered Level 7 of Cocytus
 58589 | Coc:7    | Noticed an ancient lich
 58598 | Coc:7    | Killed an ancient lich
 58687 | Coc:7    | Paralysed by a wendigo for 1 turns
 59052 | Coc:7    | Paralysed by a wendigo for 1 turns
 59103 | Coc:7    | Paralysed by a wendigo for 1 turns
 59113 | Coc:7    | HP: 14/323 [elemental wellspring/torrent of water (9)]
 59113 | Coc:7    | HP: 6/323 [nargun (8)]
 59113 | Coc:7    | Slain by a titan

Illustrated notes

Levels and vault maps discovered:
D:1:      minmay_arrival_hallway, layout_loops_ring, hangedman_feature_mirror,
          minmay_worlds_worst_comb
D:2:      layout_basic, uniq_crazy_yiuf_cottage, uniq_terence
D:3:      layout_basic, okawaru_altar_gauntlet_db, ebering_ecumenical_altar_box,
          minivault_4
D:4:      nicolae_cairo_tiling_very_big, layout_loops_corners, nicolae_titane
D:5:      layout_basic, minmay_temple_entry_glass, st_stairs_10, uniq_duvessa
D:6:      layout_basic, nicolae_qazlal_general_emergency,
          nicolae_wooded_promenade, hangedman_abyss_or_decor_stabs, uniq_edmund,
          uniq_menkaure, uniq_eustachio
D:7:      layout_loops_corners, serial_shops, shop, shop, shop,
          nicolae_shop_tiny_real_fake_doors
D:8:      layout_loops_ring
D:9:      regret_index_malice_mire, layout_loops_ring,
          kennysheep_vampire_church, david_lair_shrubbed, dk_noncrumbling_2
D:10:     minmay_skewed_foursquare, layout_stronghold, nzn_wu_jian_council_hall,
          enter_bailey_2
D:11:     evilmike_iron_armoury, layout_basic, portal_ice_cave_entry_imps,
          enter_trove_1, hangedman_decor_points, jiyva_altar_1
D:12:     layout_stronghold, david_orc_3, gauntlet_entry_generic, serial_shops,
          shop, nicolae_shop_waterfront, shop, shop, demons_altar
D:13:     layout_rooms, gammafunk_ghost_wrathful_warriors, minmay_crystal_water,
          cheibrodos_lost_city_excavation
D:14:     layout_gridville, erik_vaults_2, serial_co_window_serial,
          co_window_paths_a, co_window_of_opportunity_a, co_window_paths_b,
          co_window_paths_b, co_window_of_opportunity_a,
          co_window_of_opportunity_c, co_window_of_opportunity_b,
          co_window_broadway_b, co_window_corner_b, co_window_broadway_b,
          co_window_cross_2, co_window_of_opportunity_b, co_window_4corner_a,
          co_window_paths_e, glass_columns_a, glass_columns_b, led_sif_pool
D:15:     hangedman_depths_entry_try_elsewhere_first, layout_rooms,
          serial_shops, nicolae_shop_behind_doors, water_maze_lemuel
Temple:   nicolae_temple_two_arcs
Lair:1:   layout_roguey, special_room [special_room_bee], uniq_joseph,
          uniq_urug, uniq_nergalle, uniq_fannar
Lair:2:   layout_loops_ring, minmay_swamp_entry_swarm, grunt_megastairs_2
Lair:3:   layout_loops_ring, guppyfry_snake_entry_island, serial_bayou_pond_b
Lair:4:   layout_regular_city, wad_woods_06, grunt_megastairs_1, uniq_rupert,
          uniq_josephine
Lair:5:   due_jungle_book, layout_regular_city, slime_entry_1,
          grunt_megastairs_3
Swamp:1:  layout_basic_swamp, hangedman_swamp_diagram,
          nicolae_swamp_long_stream, uniq_mlioglotl
Swamp:2:  layout_basic_swamp, evilmike_swamp_ruin_house_3, swamp_pool_3,
          cheibrodos_swamp_witchery
Swamp:3:  layout_basic_swamp, hangedman_swamp_ruin_wall, swamp_pool_1_2,
          nicolae_swamp_oxbows, uniq_nikola
Swamp:4:  byrel_swamp_growth_death_and_undeath, layout_basic_swamp
Snake:1:  layout_grid_shapes
Snake:2:  layout_basic, special_room, drop_trap
Snake:3:  layout_layer_cave, nicolae_triple_integral, uniq_jorgrun,
          uniq_bai_suzhen
Snake:4:  grunt_snake_rune_pools, layout_misc_corridors, gammafunk_ghost_grave,
          hangedman_feature_mirror, uniq_mara
Slime:1:  layout_caves
Slime:2:  layout_caves, nicolae_slime_welcoming_committee
Slime:3:  layout_caves
Slime:4:  layout_caves
Slime:5:  slime_pit_nicolae_jellycorners
Orc:1:    layout_caves, enter_volcano_2, regret_index_minedec_shroomtown_chain
Orc:2:    grunt_orc_gardens, layout_caves, grunt_orc_garden, grunt_orc_garden,
          grunt_orc_garden, grunt_orc_garden, basic_altar
Elf:1:    nicolae_elf_arrival_fired_up, layout_geoelf_diagonals, serial_shops,
          shop, gammafunk_ghost_berserking_beasts,
          nicolae_elf_shapeshifter_party, nicolae_rare_books,
          serial_library_hellmonk_statue_hall
Elf:2:    nicolae_elf_blades_crystal_corner, layout_geoelf_diagonals,
          basic_altar, nicolae_elf_altarnating, uniq_louise
Elf:3:    minmay_elf_hall_circle, layout_loops_cross
Vaults:1: mu_enter_wizlab_1, nicolae_vaults_tangram_1,
          nicolae_vaults_trapezoid_lopsided_1, hangedman_vaults_hat,
          nicolae_vaults_oval_intersection, serial_ice_b,
          nicolae_vaults_tetromino_Z_1, ontoclasm_vaults_ring_large,
          nicolae_vaults_house_3, nicolae_vaults_double_plus_1,
          vaults_dpeg_diagonal, vaults_room_pool, layout_vaults_omnigrid,
          serial_shops, nicolae_shop_temple_entry_statues_fountains
Vaults:2: portal_desolation_entry_holy_temple, nicolae_vaults_closet_pinwheel_6,
          vaults_mumra_hex, vaults_mumra_minichess_inversion,
          minmay_crypt_entry_simple_round, hangedman_vaults_nails,
          st_hourglassy, nicolae_vaults_diagonal_hallway_6,
          nicolae_vaults_alarming, vaults_standard_mumra_x,
          nicolae_vaults_circle_grid_a, ontoclasm_vaults_hangar,
          nicolae_vaults_asterisk, layout_vaults_ring, serial_shops, shop,
          nicolae_shop_trees, shop, shop
Vaults:3: nicolae_vaults_twisting_passages, nicolae_vaults_specimen_jars,
          nicolae_vaults_ellipses_ellipsis, nicolae_vaults_apartment_2,
          v_rooms_4, vaults_room_hallway, nicolae_vaults_network_star,
          ontoclasm_vaults_bender, ontoclasm_vaults_chip,
          nicolae_vaults_house_1, nicolae_vaults_trapezoid_lopsided_1,
          nicolae_vaults_tetromino_T_2, serial_library_regret_index_small_wings,
          nicolae_vaults_surprise_closet_hard, layout_vaults_omnicross,
          serial_shops, nicolae_diamond_shop
Vaults:4: nicolae_vaults_spaceships, hangedman_vaults_maws,
          hangedman_vaults_unwind, v_pattern_5, nicolae_vaults_surprise_closet,
          nicolae_vaults_shipping_containers_2, vaults_room_boxed,
          nicolae_vaults_offset_grid_hallway_1, nicolae_vaults_apartment_1,
          nicolae_vaults_house_1, ontoclasm_vaults_shuriken,
          layout_vaults_big_room
Vaults:5: uniq_mennas, uniq_jory
Depths:1: layout_basic, enter_ziggurat_b, grunt_hell_entry_dis_grunt,
          regret_index_abyss_entry_earlier_magic, st_stairs_6,
          minmay_misc_feat_secret_circle, nicolae_uskayaw_suspiria
Depths:2: lemuel_minitomb, layout_cave_shapes, hell_entry, abyss_entry,
          serial_shops, nicolae_shop_gibbet_a_chance,
          nicolae_elevator_lobby_plus, rand_demon_pan_entry_5,
          minmay_misc_feat_cross, chequers_jeans, serial_bayou_shore_b,
          uniq_sojobo, uniq_boris
Depths:3: nzn_winding_woodlands_three_and_one [nzn_winding_woodlands_5x15_eye,
          nzn_winding_woodlands_5x15_concentric,
          nzn_winding_woodlands_5x15_garden,
          nzn_winding_woodlands_center_triple_pond], layout_cave_shapes,
          hangedman_tar_grid_catacomb, nicolae_abyss_entry_one_way_or_another,
          minmay_staircase_windowed_large, serial_bayou_shore_b,
          minmay_shop_star
Depths:4: grunt_zot_entry_bicorn, layout_small_grid, hellmouth_3,
          minmay_misc_feat_rows, lemuel_old_faithful, uniq_grunn, uniq_parghit,
          uniq_enchantress
Hell
Dis:1:    layout_gridville, nicolae_hells_hurtin_island
Dis:2:    layout_subdivisions
Dis:3:    layout_subdivisions
Dis:4:    layout_jigsaw, door_vault
Dis:5:    layout_gridville
Dis:6:    layout_subdivisions
Dis:7:    dis_grunt_layers
Geh:1:    layout_gehenna_lava_caves
Geh:2:    layout_gehenna_lava_caves
Geh:3:    nicolae_geh_seventh_circle, layout_gehenna_pools_basic
Geh:5:    layout_gehenna_lava_caves
Geh:6:    nicolae_geh_erupted_tower, layout_gehenna_pools_box
Geh:7:    evilmike_geh
Coc:1:    layout_cocytus_delve
Coc:2:    nicolae_coc_on_the_berg
Coc:3:    layout_cocytus_delve
Coc:4:    layout_ice_bergs
Coc:5:    layout_cocytus_water_paths
Coc:6:    layout_cocytus_water_paths
Coc:7:    coc_grunt_cove [coc_grunt_cove_antaeus, coc_grunt_cove_fiend,
          coc_grunt_cove_fiend, coc_grunt_cove_fiend, coc_grunt_cove_fiend]
Tar:1:    layout_grid_maze, evilmike_ambush [evilmike_ambush_outer_basic,
          evilmike_ambush_inner_basic]
Tar:2:    layout_grid_maze
Tar:3:    layout_grid_maze
Tar:4:    layout_catacombs, nicolae_tar_cuneiform_heaven
Tar:5:    layout_cathedral_of_symmetry
Tar:6:    layout_honeycomb, nicolae_tar_just_some_guys
Tar:7:    tar_mu [tar_mu_maze]

Skill      XL: |  1  2  3  4  5  6  7  8  9 10 11 12 13 14 15 16 17 18 19 20 21 22 23 24 25 26 27 |
---------------+----------------------------------------------------------------------------------+-----
Unarmed Combat | 3 4 5 6 8 9 10 13 15 17 18 21 23 24 27 | 27.0
Fighting       | 3 5 8 10 12 13 15 16 19 22 27 | 27.0
Shapeshifting  | 1 10 14 16 18 21 23 | 23.1
Evocations     | 6 10 | 10.0
Shields        | 5 15 25 | 25.4
Dodging        | 12 | 12.7
Armour         | 14 | 14.2

Action                     |  1- 3 |  4- 6 |  7- 9 | 10-12 | 13-15 | 16-18 | 19-21 | 22-24 | 25-27 || total
---------------------------+-------+-------+-------+-------+-------+-------+-------+-------+-------++-------
  Melee: Unarmed           |    69 |   119 |   298 |   669 |   830 |   917 |  1073 |  1126 |  3767 ||  8868
         Tailslap          |       |       |       |       |    75 |    67 |       |       |       ||   142
         Bite              |       |       |       |       |    58 |    61 |       |       |       ||   119
         Punch             |       |       |       |       |    45 |    64 |   126 |   178 |       ||   413
 Invoke: Serpent's Lash    |       |       |       |       |       |     4 |     4 |     2 |    16 ||    26
         Heavenly Storm    |       |       |       |       |       |     2 |     2 |     1 |    11 ||    16
Ability: Lunge             |       |       |       |    28 |    76 |   131 |   134 |   125 |   288 ||   782
         Whirlwind         |       |       |       |    15 |   142 |   281 |   316 |   315 |  1176 ||  2245
  Evoke: Lightning rod     |       |       |       |       |       |     1 |       |       |       ||     1
         Wand              |       |       |       |       |       |     3 |       |       |     2 ||     5
    Use: Scroll            |       |       |    10 |    15 |     8 |     2 |    11 |    10 |    18 ||    74
         Potion            |       |       |       |     1 |       |     2 |     3 |     3 |    17 ||    26
   Stab: Distracted        |       |       |       |       |       |       |       |       |     4 ||     4
         Paralysed         |       |       |       |       |       |       |       |       |     1 ||     1
         Sleeping          |       |       |       |       |       |       |       |       |     2 ||     2
 Armour: Robe              |    37 |    60 |   249 |    88 |       |       |       |       |       ||   434
         Troll leather arm |       |       |       |   385 |   119 |       |       |       |   227 ||   731
         Skin              |       |       |       |       |   393 |   726 |   263 |   277 |  1418 ||  3077
         Gold dragon scale |       |       |       |       |       |       |       |       |   235 ||   235
  Dodge: Dodged            |    14 |    26 |   111 |   224 |   348 |   523 |   682 |   648 |   801 ||  3377
  Block: Kite shield       |    19 |    47 |   132 |   219 |   131 |       |       |       |   833 ||  1381
         Tower shield      |       |       |       |       |       |       |       |       |  1969 ||  1969
   Form: Dragon            |       |       |       |       |     1 |       |       |       |       ||     1
         Storm             |       |       |       |       |       |     1 |       |       |       ||     1
         Statue            |       |       |       |       |       |       |       |     1 |     1 ||     2
         Death             |       |       |       |       |       |       |       |       |     3 ||     3

Table legend: (Time is in decaauts)
 A = Elapsed time spent in this place.
 B = Non-inter-level travel time spent in this place.
 C = Inter-level travel time spent in this place.
 D = Time resting spent in this place.
 E = Time spent auto-exploring this place.
 F = Levels seen in this place.
 G = Mean time per level.
                   A        B        C        D        E       F      G
               +--------+--------+--------+--------+--------+-----+--------+
         Total |  62519 |  57667 |   4852 |   1978 |  38165 | 102 |  612.9 |
       Dungeon |  14118 |  12243 |   1875 |     67 |   9523 |  15 |  941.2 |
        Temple |     43 |     43 |      0 |     21 |      0 |   1 |   43.0 |
          Lair |   5479 |   4819 |    660 |    120 |   3541 |   5 | 1095.8 |
         Swamp |   3255 |   3082 |    173 |    432 |   1921 |   4 |  813.8 |
     Snake Pit |   4151 |   3921 |    230 |    240 |   3072 |   4 | 1037.8 |
    Slime Pits |    642 |    603 |     39 |      0 |    173 |   5 |  128.4 |
  Orcish Mines |   1059 |    934 |    125 |      0 |    748 |   2 |  529.5 |
   Elven Halls |   3403 |   3104 |    299 |    186 |   2171 |   3 | 1134.3 |
        Vaults |   5479 |   5151 |    328 |      4 |   3815 |   5 | 1095.8 |
        Depths |   4566 |   4181 |    385 |    101 |   3222 |   4 | 1141.5 |
          Hell |    645 |    569 |     76 |      0 |      0 |   1 |  645.0 |
           Dis |   2192 |   2093 |     99 |    342 |    684 |   7 |  313.1 |
       Gehenna |   1808 |   1726 |     82 |    151 |    766 |   6 |  301.3 |
       Cocytus |    922 |    891 |     31 |      0 |    368 |   7 |  131.7 |
      Tartarus |   3152 |   2704 |    448 |     43 |   1911 |   7 |  450.3 |
         Abyss |   1228 |   1228 |      0 |      0 |    460 |   4 |  307.0 |
   Pandemonium |   7594 |   7594 |      0 |    219 |   4308 |  15 |  506.3 |
         Trove |    109 |    109 |      0 |      0 |     14 |   1 |  109.0 |
        Bailey |    573 |    573 |      0 |      0 |    374 |   1 |  573.0 |
      Ice Cave |    352 |    352 |      0 |      0 |    206 |   1 |  352.0 |
       Volcano |    225 |    225 |      0 |      0 |    137 |   1 |  225.0 |
        Wizlab |    436 |    436 |      0 |     50 |    261 |   1 |  436.0 |
    Desolation |    855 |    855 |      0 |      0 |    487 |   1 |  855.0 |
      Gauntlet |    224 |    224 |      0 |      0 |      0 |   1 |  224.0 |
               +--------+--------+--------+--------+--------+-----+--------+

Top non-repeatable levels by time:
   Tar:7: 2417 daAuts
Depths:2: 1486 daAuts
    D:11: 1423 daAuts
 Snake:3: 1406 daAuts
  Lair:5: 1354 daAuts
   Elf:2: 1321 daAuts
     D:9: 1308 daAuts
Depths:3: 1230 daAuts
    D:10: 1209 daAuts
Vaults:5: 1207 daAuts
 Snake:2: 1190 daAuts
   Geh:7: 1178 daAuts
   Dis:7: 1155 daAuts
Vaults:3: 1153 daAuts
   Elf:1: 1148 daAuts
